AoeStats
← Westgate

Arabia

508659615Analyzed
1v1 RM · 10d ago on Sep 23, 2026· 41m 49s· 2 players
Game mode
Random Map
Map size
Tiny (2 player)
Population
200
Speed
Normal
Resources
Standard
Victory
Conquest
Starting age
Dark Age
Ending age
Imperial Age
RankedLock teamsTeams togetherTeam positionsShared explorationLock speedFull tech treeHidden civsTurbo modeCheats
Victory
Defeat
🇨🇳 Saxons · China
1252
+17
🇿🇦 Danes · South Africa
1270
-17
Westgate
6:48 Loom
9:18 Feudal Age
10:22 Double-Bit Axe
20:27 Castle Age
20:10 Fletching
20:20 Padded Archer Armor
20:42 Crossbowman
21:48 Bodkin Arrow
23:43 Leather Archer Armor
26:52 Ballistics
27:49 Gold Mining
27:55 Guard Tower
31:21 Wheelbarrow
30:49 Horse Collar
33:51 Murder Holes
34:34 Thumb Ring
37:09 Imperial Age
34:51 Scale Mail Armor
36:18 Chain Mail Armor
37:35 Hand Cart
38:31 Bracer
39:03 Arbalester
41:22 Plate Mail Armor
Aizohiith
6:30 Loom
9:15 Feudal Age
9:50 Double-Bit Axe
15:17 Wheelbarrow
17:23 Horse Collar
20:28 Castle Age
18:27 Town Watch
18:33 Gold Mining
19:01 Forging
20:36 Bloodlines
20:30 Arson
21:45 Iron Casting
26:13 Scale Barding Armor
28:54 Hand Cart
30:09 Town Patrol
33:49 Chain Barding Armor
34:58 Heavy Plow
36:05 Scale Mail Armor
40:43 Imperial Age
43:47 Imperial Age
Connection lost

Rejoining the realm…

Still unreachable

The connection could not be restored.

Session expired

The server has moved on; the page needs a fresh start.